 Dungeon Crawl Stone Soup version 0.31.0-12-g77e489cdc1 (webtiles) character file.

Game seed: 11648903313331198097

15510 Silvore the Basher (level 12, -6/108 HPs)
             Began as a Minotaur Fighter on Feb 23, 2024.
             Was a Believer of the Shining One.
             Incinerated by a deep elf pyromancer (7 damage)
             ... with a pyre arrow
             ... on level 11 of the Dungeon.
             The game lasted 00:13:56 (11149 turns).

Silvore the Basher (Minotaur Fighter)              Turns: 11149, Time: 00:13:56

Health: -6/108     AC: 20    Str: 25    XL:     12   Next: 1%
Magic:  11/11      EV: 14    Int:  5    God:    the Shining One [**....]
Gold:   1053       SH:  6    Dex: 11    Spells: 11/11 levels left

rFire   + . .        H - +0 flail (holy)
rCold   x . .        c - +0 buckler
rNeg    + . .        G - +1 plate armour "Miatoemu" {*Slow rElec Will+}
rPois   .            (helmet restricted)
rElec   +            r - +2 cloak
rCorr   .            y - +0 pair of gloves
SInv    +            (no boots)
Will    +....        (no amulet) Stlth
                     q - +5 ring of evasion
HPRegen 0.38/turn    D - ring "Ygoaz" {Fire Fly SInv}
MPRegen 0.12/turn

%: slow self (1%)
@: lethally poisoned (-6 -> -26), on fire, flying, glowing
A: horns 2, retaliatory headbutt
a: Renounce Religion, Divine Shield


You were on level 11 of the Dungeon.
You worshipped the Shining One.
The Shining One was pleased with you.
You visited 2 branches of the dungeon, and saw 12 of its levels.

You collected 1205 gold pieces.
You donated 152 gold pieces to Zin.

Inventory:

Hand Weapons
 a - a +0 flail
 d - a +0 flail of flaming
 H - a +0 flail of holy wrath (weapon)
 I - the +2 flail "Assep" {flame, rN+ Will- Int+4 Dex+2}
   (You found it on level 11 of the Dungeon)

   Int+4:     It affects your intelligence (+4).
   Dex+2:     It affects your dexterity (+2).
   rN+:       It protects you from negative energy.
   Will-:     It decreases your willpower.
Missiles
 i - a throwing net (quivered)
Armour
 b - a +0 scale mail
 c - a +0 buckler (worn)
 m - +0 ice dragon scales
 r - a +2 cloak (worn)
 y - a +0 pair of gloves (worn)
 G - the +1 plate armour "Miatoemu" (worn) {*Slow rElec Will+}
   (You found it on level 9 of the Dungeon)

   rElec:     It insulates you from electricity.
   Will+:     It increases your willpower.
   *Slow:     It may slow you when you take damage.
Jewellery
 h - a ring of flight
 q - a +5 ring of evasion (left hand)
 D - the ring "Ygoaz" (right hand) {Fire Fly SInv}
   (You found it on level 7 of the Dungeon)

   [ring of fire]

   Fire:      It enhances your fire magic.
   rF+:       It protects you from fire.
   rC-:       It makes you vulnerable to cold.
   SInv:      It lets you see invisible.
   Fly:       It grants you flight.
 E - a ring of magical power
Wands
 p - a wand of mindburst (16)
 z - a wand of quicksilver (12)
Scrolls
 l - a scroll of vulnerability
 u - a scroll of blinking
 w - a scroll of fog
 x - 2 scrolls of immolation
 B - a scroll of poison
 C - 2 scrolls of teleportation
 F - 3 scrolls of identify
Potions
 e - a potion of ambrosia
 f - a potion of heal wounds
 g - 3 potions of lignification
 j - a potion of invisibility {unknown}
 k - 3 potions of haste
 n - 2 potions of cancellation
 o - a potion of resistance {unknown}
 s - a potion of brilliance {unknown}
 t - a potion of degeneration {unknown}
 v - 2 potions of attraction
 A - 2 potions of mutation {unknown}


   Skills:
 + Level 10.9 Fighting
 + Level 14.6 Maces & Flails
 + Level 1.2 Throwing
 + Level 10.7 Armour
 + Level 6.2 Dodging
 + Level 1.7 Stealth
 + Level 9.5 Shields


You had 11 spell levels left.
You didn't know any spells.
Your spell library contained the following spells:

 Spells                   Type           Power      Damage    Failure   Level
 Cigotuvi's Dreadful Rot  Necr/Alch/Air  0%         N/A       100%        2
 Ignite Poison            Fire/Alch      0%         N/A       100%        4
 Vhi's Electric Charge    Tloc/Air       0%         N/A       100%        4
 Arcjolt                  Conj/Air       0%         1d10      100%        5
 Freezing Cloud           Conj/Ice/Air   0%         6-21      100%        5
 Maxwell's Capacitive Co  Air            0%         ∞         100%        8


Dungeon Overview and Level Annotations

Branches:
Dungeon (11/15)            Temple (1/1) D:6            Lair (0/5) D:8
    Orc (0/2) D:11

Altars:
Ashenzari
Cheibriados
Dithmenos
Elyvilon
Fedhas
Gozag
Hepliaklqana
Kikubaaqudgha
Makhleb
Nemelex Xobeh
Okawaru
Qazlal
Ru
Sif Muna
Trog
Uskayaw
Vehumet
Wu Jian
Xom
Yredelemnul
Zin
The Shining One

Annotations:
D:4 1 runed translucent door


Innate Abilities, Weirdness & Mutations

You have a pair of horns on your head.
You reflexively headbutt those who attack you in melee.


Message History

The fire elemental hits you. The fire elemental burns you! You resist.
The fire elemental hits you. The fire elemental burns you! You resist.
You block the crimson imp's attack.
The deep elf pyromancer hits you with a +0 short sword of venom.
You are more poisoned.
You hit the deep elf pyromancer.
The deep elf pyromancer is severely wounded.
The liquid fire burns you!
* * * LOW HITPOINT WARNING * * *
x2 You feel very sick.
You block the fire elemental's attack. The fire elemental hits you.
The fire elemental burns you! You resist.
* * * LOW HITPOINT WARNING * * *
The fire elemental hits you. The fire elemental burns you! You resist.
* * * LOW HITPOINT WARNING * * *
The fire elemental hits you. The fire elemental burns you! You resist.
* * * LOW HITPOINT WARNING * * *
The fire elemental hits you. The fire elemental burns you! You resist.
* * * LOW HITPOINT WARNING * * *
You sock the deep elf pyromancer!
The deep elf pyromancer is almost dead.
The liquid fire burns you!
* * * LOW HITPOINT WARNING * * *
x2 You feel very sick.
The deep elf pyromancer gestures at you while chanting.
The pyre arrow hits you.
You are even more covered in intense liquid fire!
The crimson imp misses you.
You block the fire elemental's attack. x2
The fire elemental hits you. The fire elemental burns you! You resist.
* * * LOW HITPOINT WARNING * * *
The fire elemental misses you. You furiously retaliate!
You headbutt the fire elemental!
The kobold demonologist casts a spell.
The fire elemental hits you. The fire elemental burns you! You resist.
The Shining One protects you from harm!
You sock the deep elf pyromancer!
You kill the deep elf pyromancer!
The fire elemental disappears in a puff of smoke! x3
The liquid fire burns you!
You die...

#.#### #.#..# #..⌠
#..#### #<#.## #...
#.....# #.#.####...
##. #.....#
#......#... ..
#.....# ###.#######
#'##+###### #.....#
#..# ....
e...####.5...# ##.#
###..####..#.e#)§§..#
#.#
.....e..☼○.#.4EE@5..#
#.#
###..####°.'.)#§E.###
#.#
5...eK.e...#○5K.e.#
#.#
###..####..#55#⌠.####
#.# .....Q
....####.....# #.#
##+##Q###### #####.#
#.# 5# #.######.# .+
#........# .#
##########


You could see a rust devil (summoned), 2 deep elf pyromancers, a kobold
demonologist, 3 fire elementals, 3 iron imps and 2 crimson imps.

Vanquished Creatures
  Fannar (D:10)
  3 two-headed ogres
  The ghost of EonDragon20 the Summoner, a novice MfSu of Sif Muna (D:9)
  The ghost of hawla the Fighter, a novice MiFi of Yredelemnul (D:7)
  A deep elf zephyrmancer (D:11)
  Pikel (D:8)
  3 deep elf pyromancers
  2 kobold demonologists (D:11)
  Jeremiah (D:8)
  Psyche (D:11)
  2 trolls
  Prince Ribbit (D:8)
  Sigmund (D:6)
  A wraith (D:10)
  A vampire (D:9)
  6 wyverns
  13 yaks
  2 basilisks (D:8)
  The ghost of turdburglar the Changeling, an amateur MfSh (D:4)
  A steam dragon (D:8)
  Edmund (D:6)
  2 acid dragons (D:10)
  Duvessa (D:6)
  A water moccasin (D:6)
  A black bear (D:4)
  6 orc warriors
  8 ice beasts
  An ogre (D:5)
  2 centaurs
  2 lemures (D:8)
  2 phantoms
  2 kobold brigands (D:9)
  6 bullfrogs
  2 gnoll sergeants
  A scorpion (D:5)
  Dowan (D:6)
  5 killer bees (D:9)
  7 howler monkeys
  6 hounds
  7 orc priests
  A bombardier beetle (D:5)
  2 gnoll boudas (D:5)
  A sleepcap (D:4)
  5 iguanas
  11 orc wizards
  A bullfrog simulacrum (D:7)
  Robin (D:4)
  7 adders
  24 gnolls
  3 river rats (D:4)
  5 white imps (D:7)
  2 ufetubi (D:6)
  A ribbon worm (D:2)
  3 dart slugs
  47 orcs
  9 bats
  6 endoplasms
  15 giant cockroaches
  9 hobgoblins
  8 jackals (D:1)
  19 kobolds
  2 quokkas
  6 ball pythons
  14 frilled lizards
  13 goblins
  6 rats
329 creatures vanquished.

Notes
Turn   | Place    | Note
-------+----------+-------------------------------------------
     0 | D:1      | Silvore the Minotaur Fighter began the quest for the Orb.
     0 | D:1      | Reached XP level 1. HP: 19/19 MP: 0/0
   134 | D:1      | Reached XP level 2. HP: 27/27 MP: 1/1
   273 | D:1      | Reached XP level 3. HP: 32/33 MP: 2/2
   887 | D:2      | Reached skill level 3 in Maces & Flails
  1285 | D:2      | Reached XP level 4. HP: 40/41 MP: 3/3
  2302 | D:3      | Reached skill level 4 in Maces & Flails
  2302 | D:3      | Reached XP level 5. HP: 42/47 MP: 4/4
  2816 | D:4      | Noticed Robin
  2842 | D:4      | Reached skill level 1 in Dodging
  2849 | D:4      | Killed Robin
  2873 | D:4      | Found a runed translucent door.
  2903 | D:4      | Noticed turdburglar's ghost (amateur MfSh)
  2955 | D:4      | Found a runed translucent door.
  3070 | D:4      | Reached skill level 5 in Armour
  3104 | D:4      | Reached skill level 5 in Maces & Flails
  3238 | D:4      | Reached XP level 6. HP: 51/53 MP: 5/5
  3503 | D:4      | Reached skill level 5 in Fighting
  3520 | D:4      | Killed turdburglar's ghost
  3521 | D:4      | Reached skill level 6 in Maces & Flails
  3521 | D:4      | Reached XP level 7. HP: 26/61 MP: 6/6
  3673 | D:5      | Entered Level 5 of the Dungeon
  4001 | D:5      | Reached skill level 7 in Maces & Flails
  4256 | D:5      | Reached skill level 5 in Shields
  4256 | D:5      | Reached XP level 8. HP: 69/70 MP: 7/7
  4341 | D:5      | Reached skill level 1 in Throwing
  4472 | D:6      | Found a broken altar of Ashenzari.
  4676 | D:6      | Noticed Sigmund
  4680 | D:6      | Reached skill level 8 in Maces & Flails
  4685 | D:6      | Found an opulent altar of Gozag.
  4689 | D:6      | Noticed Duvessa
  4691 | D:6      | Noticed Dowan
  4698 | D:6      | Killed Dowan
  4713 | D:6      | Noticed Edmund
  4722 | D:6      | Killed Duvessa
  4735 | D:6      | Killed Edmund
  4736 | D:6      | Reached skill level 9 in Maces & Flails
  4755 | D:6      | Killed Sigmund
  5006 | D:6      | Reached XP level 9. HP: 78/78 MP: 8/8
  5019 | D:6      | Found a staircase to the Ecumenical Temple.
  5095 | Temple   | Entered the Ecumenical Temple
  5126 | Temple   | Became a worshipper of Zin the Law-Giver
  5126 | Temple   | Reached * piety under Zin
  5156 | Temple   | Donated 121 gold pieces to Zin
  5618 | D:7      | Reached skill level 10 in Maces & Flails
  5936 | D:7      | Reached ** piety under Zin
  6182 | D:7      | Noticed hawla's ghost (novice MiFi)
  6249 | D:7      | Found a runed translucent gate.
  6250 | D:7      | Found a runed translucent gate.
  6258 | D:7      | Found a runed translucent gate.
  6683 | Temple   | Fell from the grace of Zin
  6683 | Temple   | Became a worshipper of the Shining One
  6757 | D:8      | Noticed Prince Ribbit
  6761 | D:8      | Killed Prince Ribbit
  6807 | D:7      | Reached skill level 11 in Maces & Flails
  6810 | D:7      | Reached * piety under the Shining One
  6844 | D:7      | Killed hawla's ghost
  6845 | D:7      | Reached XP level 10. HP: 22/88 MP: 9/9
  6854 | D:7      | Got the ring "Ygoaz" {Fire Fly SInv}
  6861 | D:7      | Identified a scroll of acquirement
  6861 | D:7      | Acquired 703 gold pieces
  7505 | D:8      | Noticed Pikel
  7509 | D:8      | Killed Pikel
  7510 | D:8      | Reached skill level 12 in Maces & Flails
  7510 | D:8      | Reached skill level 1 in Stealth
  7616 | D:8      | Noticed Jeremiah
  7635 | D:8      | Killed Jeremiah
  7929 | D:8      | Found a staircase to the Lair.
  8216 | D:9      | Reached skill level 5 in Dodging
  8245 | D:9      | Reached skill level 13 in Maces & Flails
  8335 | D:9      | Found a transporter.
  8337 | D:9      | Found a transporter.
  8337 | D:9      | Noticed EonDragon20's ghost (novice MfSu)
  8337 | D:9      | Noticed a two-headed ogre
  8337 | D:9      | Noticed a deep elf pyromancer
  8408 | D:9      | Identified the +3 robe "Qojy" {+Blink Int+3 Archmagi}
  8432 | D:9      | Identified the +1 plate armour "Miatoemu" {*Slow rElec
                  | Will+}
  9052 | D:9      | Noticed a lightning spire
  9059 | D:9      | Killed a deep elf pyromancer
  9063 | D:9      | Killed a two-headed ogre
  9064 | D:9      | Reached XP level 11. HP: 72/97 MP: 10/10
  9068 | D:9      | Killed EonDragon20's ghost
  9162 | D:10     | Entered Level 10 of the Dungeon
  9162 | D:10     | Noticed Fannar
  9180 | D:10     | Killed Fannar
  9395 | D:10     | Reached ** piety under the Shining One
 10192 | D:11     | Noticed a two-headed ogre
 10195 | D:11     | Noticed a two-headed ogre
 10199 | D:11     | Killed a two-headed ogre
 10200 | D:11     | Reached skill level 14 in Maces & Flails
 10204 | D:11     | Killed a two-headed ogre
 10232 | D:11     | Noticed Psyche
 10239 | D:11     | Killed Psyche
 10240 | D:11     | Reached skill level 10 in Fighting
 10240 | D:11     | Reached skill level 10 in Armour
 10334 | D:11     | Found an iron altar of Okawaru.
 10452 | D:11     | Found a staircase to the Orcish Mines.
 10601 | D:11     | Identified the +2 flail "Assep" {flame, rN+ Will- Int+4
                  | Dex+2}
 10994 | D:11     | Noticed a deep elf pyromancer
 11010 | D:11     | Killed a deep elf pyromancer
 11100 | D:11     | Noticed a deep elf zephyrmancer
 11105 | D:11     | Killed a deep elf zephyrmancer
 11108 | D:11     | Noticed a deep elf pyromancer
 11110 | D:11     | Noticed a deep elf pyromancer
 11118 | D:11     | Noticed a deep elf pyromancer
 11145 | D:11     | Reached XP level 12. HP: 53/108 MP: 11/11
 11148 | D:11     | HP: 3/108 [poisoned by a deep elf pyromancer]
 11148 | D:11     | HP: 1/108 [fire elemental[a deep elf pyromancer] (2)]
 11148 | D:11     | The Shining One protects you from harm!
 11149 | D:11     | Incinerated by a deep elf pyromancer

Illustrated notes

Levels and vault maps discovered:
D:1:      wander_arrival_lonely_grave, layout_loops_corners,
          minmay_indecisive_spiral
D:2:      minmay_roachtagon, layout_loops_ring
D:3:      layout_loops_corners
D:4:      layout_basic, ebering_ghost_sewer_f, minmay_lizard_king, uniq_robin
D:5:      layout_cave_pools, kennysheep_pointless_box
D:6:      layout_basic, mainiacjoe_overflow_catwalk, lemuel_tele_altar,
          temple_hall, minmay_door_square, uniq_sigmund, uniq_duvessa,
          uniq_edmund
D:7:      layout_layer_cave, gammafunk_ghost_icy, st_stairs_11
D:8:      layout_loops_ring, erik_lair_dragon, uniq_prince_ribbit1,
          uniq_jeremiah, uniq_pikel
D:9:      layout_gridville, gammafunk_ghost_arena
D:10:     layout_cave_pools, lemuel_flame_loot_1, uniq_fannar
D:11:     evilmike_library_of_no_secrets, layout_loops_cross, david_orc_5,
          serial_bayou_pond_c, okawaru_gym_becter, uniq_psyche
Temple:   mainiacjoe_temple_big_plus

Skill      XL: |  1  2  3  4  5  6  7  8  9 10 11 |
---------------+----------------------------------+-----
Armour         | 4 5 6 7 8 9 10 | 10.7
Fighting       | 4 5 6 8 9 10 | 10.9
Shields        | 4 5 6 8 9 |  9.5
Maces & Flails | 3 4 5 6 7 9 11 13 14 | 14.6
Dodging        | 1 3 4 5 6 |  6.2
Throwing       | 1 |  1.2
Stealth        | 1 |  1.7

Action                     |  1- 3 |  4- 6 |  7- 9 | 10-12 || total
---------------------------+-------+-------+-------+-------++-------
  Melee: Flail             |    85 |   154 |   263 |   363 ||   865
         Headbutt          |    12 |    24 |    40 |    98 ||   174
  Throw: Throwing net      |       |       |     5 |       ||     5
 Invoke: Donate Gold       |       |       |     1 |       ||     1
    Use: Scroll            |     1 |     9 |     3 |     7 ||    20
         Potion            |       |       |     2 |     6 ||     8
 Armour: Scale mail        |    64 |    35 |       |       ||    99
         Ice dragon scales |       |   104 |   178 |    66 ||   348
         Plate armour      |       |       |       |   202 ||   202
  Dodge: Dodged            |    59 |    71 |   190 |   284 ||   604
  Block: Buckler           |    22 |    27 |    78 |   123 ||   250
